 Dungeon Crawl Stone Soup version 0.29-a0-337-g68df138881 (webtiles) character file.

Game seed: 694954240563477805

10711 Dauddaud the Severer (level 11, -7/124 HPs)
             Began as a Minotaur Berserker on Apr 16, 2022.
             Was an Elder of Trog.
             Mangled by a vampire (9 damage)
             ... on level 10 of the Dungeon.
             The game lasted 00:21:57 (12248 turns).

Dauddaud the Severer (Minotaur Berserker)          Turns: 12248, Time: 00:21:57

Health: -7/124     AC: 10    Str: 26    XL:     11   Next: 39%
Magic:  10/10      EV:  9    Int:  4    God:    Trog [****..]
Gold:   499        SH:  0    Dex: 16    Spells: 10/10 levels left

rFire   . . .      SeeInvis .   L - +0 battleaxe
rCold   . . .      Faith    .   (shield currently unavailable)
rNeg    . . .      Spirit   .   y - +0 chain mail
rPois   .          Reflect  .   (helmet restricted)
rElec   .          Harm     .   (no cloak)
rCorr   .          Rampage  .   v - +0 pair of gloves
Will    +....                   (no boots)
Stlth   ..........              p - amulet of the acrobat
HPRegen 0.30/turn               D - +6 ring of dexterity
MPRegen 0.12/turn               j - ring of willpower

@: berserking, very quick
A: horns 2, retaliatory headbutt
a: Renounce Religion, Berserk, Trog's Hand, Brothers in Arms


You were on level 10 of the Dungeon.
You worshipped Trog.
Trog was greatly pleased with you.
You visited 1 branch of the dungeon, and saw 10 of its levels.

You collected 576 gold pieces.
You spent 77 gold pieces at shops.

Inventory:

Hand Weapons
 a - a +0 hand axe
 s - a +4 hand axe
 C - a +6 dire flail of draining
 J - a +2 scythe of flaming
 L - a +0 battleaxe (weapon)
 O - a +2 halberd of freezing
 Q - a +0 war axe
Armour
 b - a +0 animal skin
 e - a +0 leather armour
 k - a +0 scale mail
 v - a +0 pair of gloves (worn)
 y - a +0 chain mail (worn)
Jewellery
 i - a ring of ice
 j - a ring of willpower (right hand)
 p - an amulet of the acrobat (around neck)
 w - a ring of fire
 D - a +6 ring of dexterity (left hand)
Wands
 A - a wand of mindburst (18)
 H - a wand of flame (10)
 P - a wand of iceblast (5)
Scrolls
 d - 2 scrolls of identify
 f - 2 scrolls of summoning
 h - 2 scrolls of noise
 n - 2 scrolls of fog
 o - 5 scrolls of teleportation
 q - 4 scrolls of magic mapping
 r - 3 scrolls of blinking
 t - 2 scrolls of vulnerability
 u - 4 scrolls of enchant armour
 B - 3 scrolls of immolation
 E - 2 scrolls of holy word
 K - a scroll of fear
 N - 2 scrolls of brand weapon {unknown}
Potions
 c - 3 potions of haste
 g - 3 potions of might {unknown}
 l - 2 potions of lignification {unknown}
 m - 2 potions of attraction {unknown}
 x - 5 potions of curing {unknown}
 z - a potion of heal wounds {unknown}
 F - a potion of degeneration {unknown}
 G - a potion of cancellation {unknown}
 I - a potion of ambrosia {unknown}
 M - a potion of flight {unknown}


   Skills:
 - Level 3.8 Fighting
 * Level 18.6 Axes
 - Level 2.7 Armour
 - Level 2.5 Dodging
 + Level 7.7 Evocations


You had 10 spell levels left.
You didn't know any spells.
Your spell library was empty.

Dungeon Overview and Level Annotations

Branches:
Dungeon (10/15)            Temple (0/1) D:5             Orc (0/2) D:10
   Lair: D:8-11

Altars:
Fedhas
Sif Muna
Vehumet
Wu Jian
Zin

Shops:
D:2 (   D:3 (?:((

Annotations:
D:5 exclusion: oklob plant
D:9 2 runed translucent doors


Innate Abilities, Weirdness & Mutations

You have a pair of horns on your head.
You reflexively headbutt those who attack you in melee.


Message History

No target in view!
No target in view!
No target in view!
No target in view!
No target in view!
No target in view!
There is a strange disturbance nearby!
You slash something! Your headbutt misses something. Something hits you.
Something bites you.
Something draws strength from your injuries!
You closely miss something. You headbutt something. Something hits you.
Something bites you.
Something draws strength from your injuries!
You barely miss something. You headbutt something. You closely miss something.
Something hits you but does no damage. Something bites you!
Something draws strength from your injuries!
You miss something. Something hits you! Something bites you but does no damage.
You barely miss something. Something hits you! Something bites you.
Something draws strength from your injuries!
You slice something!! You closely miss something. Something hits you!
Something bites you but does no damage.
You closely miss something. Your headbutt misses something.
Something draws life force from you!
You hit something but do no damage. Something hits you!
* * * LOW HITPOINT WARNING * * *
Something bites you!
* * * LOW HITPOINT WARNING * * *
Something draws strength from your injuries!
A red film seems to cover your vision as you go berserk!
You feel yourself moving faster!
You feel mighty! Something hits you.
* * * LOW HITPOINT WARNING * * *
Something bites you!
* * * LOW HITPOINT WARNING * * *
Something draws strength from your injuries!
You barely miss something. You headbutt something! You slash something!
Something hits you but does no damage. Something bites you!
You die...

....#..###.########.#
....................#
.......###..........#
.###..)# #######.#..#
.# #...# #.......# .#
##..# ###.....# .#
#.># ###..####
.####### #.....#
.....# ####@## .#####
#{.....# .#####
#.###### .##..# #.#
.##..# #.# .##..# ...
.##..# #.# ....## #.#
.####


There were no monsters in sight!

Vanquished Creatures
  2 two-headed ogres
  An ugly thing (D:9)
  A troll (D:10)
  A hornet (D:9)
  Grinder (D:6)
  8 spriggans (D:9)
  Sigmund (D:6)
  2 vampires (D:9)
  A wyvern (D:9)
  17 yaks
  Edmund (D:5)
  An acid dragon (D:9)
  2 ice beasts
  Duvessa (D:6)
  A sky beast (D:7)
  3 orc warriors
  An ogre (D:5)
  5 centaurs
  A phantom (D:5)
  2 kobold brigands
  2 scorpions
  7 bullfrogs
  15 wights
  Dowan (D:6)
  10 killer bees
  3 howler monkeys
  3 jellies
  5 orc priests
  3 hounds
  Jessica (D:2)
  3 iguanas
  3 orc wizards
  4 gnolls (D:4)
  8 adders
  2 shadow imps
  2 ufetubi
  3 worms
  2 dart slugs
  31 orcs
  5 bats
  5 endoplasms
  2 giant cockroaches (D:1)
  13 goblins
  12 hobgoblins
  8 jackals
  A quokka (D:3)
  3 ball pythons
  6 frilled lizards
  12 kobolds
  4 rats
232 creatures vanquished.

Vanquished Creatures (others)
  2 fungi (D:5)
  8 plants
  4 toadstools (D:1)
14 creatures vanquished.

Grand Total: 246 creatures vanquished

Notes
Turn   | Place    | Note
-------+----------+-------------------------------------------
     0 | D:1      | Dauddaud the Minotaur Berserker began the quest for the
                  | Orb.
     0 | D:1      | Reached XP level 1. HP: 19/19 MP: 0/0
   284 | D:1      | Reached XP level 2. HP: 26/27 MP: 1/1
   432 | D:1      | Reached skill level 4 in Axes
   447 | D:1      | Reached ** piety under Trog
   632 | D:1      | Reached XP level 3. HP: 32/33 MP: 2/2
   632 | D:1      | Found a glowing silver altar of Zin.
   890 | D:1      | Found a faded altar of an unknown god.
  1237 | D:2      | Found Buakkot's Antique Weapon Boutique.
  1385 | D:2      | Reached skill level 5 in Axes
  1534 | D:2      | Noticed Jessica
  1541 | D:2      | Killed Jessica
  1542 | D:2      | Reached XP level 4. HP: 36/40 MP: 3/3
  1958 | D:3      | Reached skill level 6 in Axes
  1990 | D:3      | Found Godirigus's Magic Scroll Shoppe.
  1998 | D:3      | Found Rocrapa's Book Shop.
  2001 | D:3      | Bought a scroll of teleportation for 33 gold pieces
  2001 | D:3      | Bought a scroll of identify for 22 gold pieces
  2001 | D:3      | Bought a scroll of identify for 22 gold pieces
  2045 | D:3      | Found Awnuta's Antique Weapon Emporium.
  2060 | D:3      | Reached *** piety under Trog
  2087 | D:3      | Reached XP level 5. HP: 46/46 MP: 4/4
  2109 | D:3      | Found Ceesoan's Weapon Boutique.
  2286 | D:3      | Found Reoked's Antique Weapon Shop.
  2727 | D:4      | Reached skill level 7 in Axes
  2799 | D:4      | Reached XP level 6. HP: 39/52 MP: 5/5
  3064 | D:4      | Reached skill level 8 in Axes
  3743 | D:5      | Entered Level 5 of the Dungeon
  3748 | D:5      | Found a staircase to the Ecumenical Temple.
  3758 | D:5      | Reached skill level 9 in Axes
  3762 | D:5      | Reached XP level 7. HP: 54/58 MP: 6/6
  3807 | D:5      | You fall into a shaft and drop 2 floors!
  3868 | D:7      | Reached **** piety under Trog
  3918 | D:7      | Reached skill level 10 in Axes
  4254 | D:7      | Found a shimmering blue altar of Sif Muna.
  4278 | D:7      | Reached skill level 11 in Axes
  4322 | D:7      | Reached XP level 8. HP: 55/66 MP: 7/7
  4633 | D:7      | Reached skill level 12 in Axes
  5204 | D:5      | Found a blossoming altar of Fedhas.
  5226 | D:5      | Noticed an oklob plant
  5739 | D:5      | Noticed Edmund
  5754 | D:5      | Killed Edmund
  5755 | D:5      | Reached skill level 13 in Axes
  5755 | D:5      | Reached skill level 1 in Evocations
  6592 | D:6      | Noticed Duvessa
  6592 | D:6      | Noticed Dowan
  6601 | D:6      | Killed Duvessa
  6604 | D:6      | Killed Dowan
  6801 | D:6      | Found an ornate altar of the Wu Jian Council.
  6862 | D:6      | Found a radiant altar of Vehumet.
  6884 | D:6      | Reached XP level 9. HP: 71/71 MP: 8/8
  7052 | D:6      | Noticed Grinder
  7059 | D:6      | Killed Grinder
  7060 | D:6      | Reached skill level 14 in Axes
  7116 | D:6      | Noticed Sigmund
  7119 | D:6      | Killed Sigmund
  7884 | D:8      | Reached skill level 15 in Axes
  8364 | D:8      | Reached XP level 10. HP: 48/78 MP: 9/9
  8368 | D:8      | Reached skill level 5 in Evocations
  8856 | D:9      | Reached skill level 16 in Axes
  9265 | D:9      | Noticed a two-headed ogre
  9610 | D:9      | Reached ***** piety under Trog
  9634 | D:9      | Reached skill level 17 in Axes
 10229 | D:9      | Noticed a green ugly thing
 10407 | D:9      | Killed a green ugly thing
 10621 | D:9      | Reached XP level 11. HP: 66/83 MP: 10/10
 10652 | D:9      | HP: 6/124 [wight/+5 great sword (10)]
 10993 | D:9      | Reached skill level 18 in Axes
 11332 | D:9      | Found a large runed translucent door.
 11333 | D:9      | Found a large runed translucent door.
 11389 | D:9      | Killed a two-headed ogre
 11751 | D:10     | Entered Level 10 of the Dungeon
 11970 | D:10     | Found a staircase to the Orcish Mines.
 11999 | D:10     | Noticed a two-headed ogre
 12011 | D:10     | Killed a two-headed ogre
 12246 | D:10     | HP: 2/124 [something (9)]
 12248 | D:10     | Mangled by a vampire

Illustrated notes

Levels and vault maps discovered:
D:1:      ldierk_walled_garden_2, layout_basic,
          shapermc_ecumenical_altar_ellora, minmay_hexomino_r4
D:2:      layout_loops_cross, serial_shops, nicolae_shop_trees, uniq_jessica
D:3:      layout_basic, serial_shops, nicolae_shop_advertising_works
          [nicolae_subvault_shop_adworks], nicolae_square_shop, shop,
          nicolae_square_shop, nicolae_shop_bloodbath_and_beyond,
          chequers_serial_rivers_marsh, amethyst_killhole, minmay_checkerbox
D:4:      layout_loops_corners
D:5:      layout_basic, tgw_fedhas, minmay_temple_entry_wispy,
          skrybe_limestone_x, uniq_edmund
D:6:      layout_loops_corners, nzn_wu_jian_contemplation,
          vehumet_altar_wand_db, uniq_duvessa, uniq_grinder, uniq_sigmund
D:7:      layout_basic, mainiacjoe_overflow_brackets
D:8:      layout_basic, ebering_dispersal_statue_hall
D:9:      kb_forest_paths, layout_gridville, jmf_multi_god_temple2
D:10:     layout_basic, david_orc_2, hangedman_ranch

Skill      XL: |  1  2  3  4  5  6  7  8  9 10 11 |
---------------+----------------------------------+-----
Axes           | 4 5 6 7 9 11 13 15 17 18 | 18.6
Evocations     | 2 4 6 7 |  7.7
Fighting       | |  3.8
Armour         | |  2.7
Dodging        | |  2.5

Action                   |  1- 3 |  4- 6 |  7- 9 | 10-12 || total
-------------------------+-------+-------+-------+-------++-------
Melee: Hand axe          |    87 |   134 |   100 |       ||   321
       Headbutt          |     9 |    15 |    41 |    34 ||    99
       Punch             |       |       |     2 |       ||     2
       Dire flail        |       |       |   105 |   183 ||   288
       Battleaxe         |       |       |       |    35 ||    35
Invok: Berserk           |       |       |     3 |     7 ||    10
       Trog's Hand       |       |       |       |     1 ||     1
       Brothers in Arms  |       |       |       |     1 ||     1
  Use: Scroll            |       |     3 |     6 |     1 ||    10
Armor: Leather armour    |    16 |       |       |       ||    16
       Scale mail        |     3 |    54 |     7 |       ||    64
       Chain mail        |       |       |    50 |    58 ||   108
Dodge: Dodged            |    50 |    76 |   101 |    96 ||   323

Table legend: (Time is in decaauts)
 A = Elapsed time spent in this place.
 B = Non-inter-level travel time spent in this place.
 C = Inter-level travel time spent in this place.
 D = Time resting spent in this place.
 E = Time spent auto-exploring this place.
 F = Levels seen in this place.
 G = Mean time per level.
                   A        B        C        D        E       F      G
               +--------+--------+--------+--------+--------+-----+--------+
         Total |  12239 |  11888 |    351 |   3671 |   6697 |  10 | 1223.9 |
       Dungeon |  12239 |  11888 |    351 |   3671 |   6697 |  10 | 1223.9 |
               +--------+--------+--------+--------+--------+-----+--------+

Top non-repeatable levels by time:
     D:9: 2524 daAuts
     D:7: 1773 daAuts
     D:5: 1349 daAuts
     D:8: 1243 daAuts
     D:1: 1222 daAuts
     D:6: 1109 daAuts
     D:4: 1090 daAuts
     D:2: 719 daAuts
     D:3: 708 daAuts
    D:10: 497 daAuts
